 Dungeon Crawl Stone Soup version 0.29.0-4-gdea44cf6ec (webtiles) character file.

Game seed: 9868228532498315375

29735 qw the Blocker (level 13, -1/127 HPs)
             Began as a Troll Cinder Acolyte on Aug 31, 2022.
             Was an Initiate of Ignis.
             Slain by a 15-headed hydra (13 damage)
             ... on level 2 of the Lair of Beasts.
             The game lasted 00:07:11 (11108 turns).

qw the Blocker (Troll Cinder Acolyte)              Turns: 11108, Time: 00:07:12

Health: -1/127     AC: 12    Str: 38    XL:     13   Next: 16%
Magic:  13/13      EV:  7    Int: 10    God:    Ignis [......]
Gold:   1452       SH: 15    Dex:  5    Spells: 14/14 levels left

rFire   + . .      SeeInvis .     - Unarmed
rCold   . . .      Faith    .   h - +0 tower shield {AC+3}
rNeg    . . .      Spirit   .   g - +0 troll leather armour {Pargi}
rPois   .          Reflect  .   (helmet restricted)
rElec   .          Harm     .   j - +2 cloak
rCorr   +          Rampage  .   (gloves unavailable)
Will    .....                   (boots unavailable)
Stlth   +.........              k - amulet "Bugei" {Acrobat Regen+ rCorr Str+3}
HPRegen 2.71/turn               b - +6 ring of strength
MPRegen 0.13/turn               (no ring)

@: no status effects
A: large, unfitting armour, claws 3, regeneration 1, shaggy fur 1, tough skin 1
a: Renounce Religion, Rising Flame


You were on level 2 of the Lair of Beasts.
You worshipped Ignis.
Ignis was noncommittal.
You visited 2 branches of the dungeon, and saw 13 of its levels.
You also visited: Sewer.

You collected 2145 gold pieces.
You spent 693 gold pieces at shops.


Innate Abilities, Weirdness & Mutations

You are too large for most types of armour.
You have claws for hands.
Your natural rate of healing is unusually fast.
You are covered in fur. (AC +1)
You have tough skin. (AC +1)


   Skills:
 - Level 8.3 Fighting
 - Level 1.2 Throwing
 - Level 1.3 Armour
 - Level 1.1 Dodging
 + Level 13.7 Shields
 - Level 13.0 Unarmed Combat
 - Level 1.0 Spellcasting
 - Level 2.1 Fire Magic


You had 14 spell levels left.
You didn't know any spells.
Your spell library contained the following spells:

 Spells                   Type           Power      Damage    Failure   Level
 Scorch                   Fire           8%         2d5       56%         2

Inventory:

Missiles
 e - 4 boomerangs (quivered)
Armour
 c - +0 acid dragon scales
 g - a +0 troll leather armour (worn) {Pargi}
 h - a +0 tower shield of protection (worn)
 j - a +2 cloak (worn)
Jewellery
 b - a +6 ring of strength (left claw)
 k - the amulet "Bugei" (around neck) {Acrobat Regen+ rCorr Str+3}
   (You bought it in a shop on level 5 of the Dungeon)

   [amulet of the acrobat]

   It increases your evasion while moving and waiting.
   Str:       It affects your strength (+3).
   Regen:     It increases your rate of health regeneration.
   rCorr:     It protects you from acid and corrosion.
 o - a ring of ice
Scrolls
 f - 7 scrolls of identify
 l - a scroll of enchant armour
 p - a scroll of enchant weapon
Potions
 d - 2 potions of haste
 i - a potion of mutation
 m - 4 potions of might

Dungeon Overview and Level Annotations

Branches:
Dungeon (11/15)            Temple (0/1) D:5            Lair (2/5) D:11
    Orc (0/2) D:11          Sewer (visited)
  Swamp: Lair:2-3    Shoals: Lair:2-3     Snake: Lair:2-3    Spider: Lair:2-3

Altars:
Cheibriados

Shops:
D:5 *   D:8 (   D:10 [

Annotations:
D:3 3 runed translucent doors, qw's ghost, amateur TeWr
D:11 2 transporters


Message History

The 11-headed hydra grows two more!
You claw the 13-headed hydra!
The 13-headed hydra is moderately wounded.
You block the 13-headed hydra's attack. The 13-headed hydra bites you.
You block the 13-headed hydra's attack. The 13-headed hydra bites you!
You block the 13-headed hydra's attack. The 13-headed hydra bites you!
The 13-headed hydra bites you but does no damage.
The 13-headed hydra bites you! The 13-headed hydra barely misses you.
You block the 13-headed hydra's attack. x2
The 13-headed hydra bites you but does no damage. x2
You rip one of the 13-headed hydra's heads off!
The 12-headed hydra grows two more!
You claw the 14-headed hydra!
The 14-headed hydra is lightly wounded.
The 14-headed hydra completely misses you.
You block the 14-headed hydra's attack. The 14-headed hydra bites you.
You block the 14-headed hydra's attack. The 14-headed hydra bites you. x3
The 14-headed hydra bites you but does no damage.
The 14-headed hydra bites you! You block the 14-headed hydra's attack.
The 14-headed hydra bites you. x3
The 14-headed hydra bites you but does no damage.
You barely miss the 14-headed hydra.
The 14-headed hydra is lightly wounded.
You block the 14-headed hydra's attack. The 14-headed hydra bites you.
The 14-headed hydra barely misses you.
The 14-headed hydra bites you but does no damage.
The 14-headed hydra barely misses you. You block the 14-headed hydra's attack.
The 14-headed hydra bites you but does no damage. x4
The 14-headed hydra bites you. You block the 14-headed hydra's attack.
The 14-headed hydra bites you. The 14-headed hydra closely misses you.
You tear one of the 14-headed hydra's heads off!
The 13-headed hydra grows two more!
You claw the 15-headed hydra!
The 15-headed hydra is moderately wounded.
The 15-headed hydra bites you but does no damage.
You block the 15-headed hydra's attack. The 15-headed hydra bites you.
You block the 15-headed hydra's attack.
The 15-headed hydra bites you but does no damage.
The 15-headed hydra bites you. The 15-headed hydra bites you!
You block the 15-headed hydra's attack. The 15-headed hydra bites you.
The 15-headed hydra bites you! x2; You block the 15-headed hydra's attack.
The 15-headed hydra bites you!
You die...

### ### ### #### ## ##
#.###P###[########..###.#..###.#.
................@................
.................D...............
............###.##....##.###.....
.#..##P....## ###....## #.....
..#####....# ##..##### ##.....
.## #.....# ##..#.#.###.^.... ..#
##....# #P............... ..#
##....# #......##.###....
..####P....# ##.....#### #....


You could see a 15-headed hydra.

Vanquished Creatures
  A hydra (D:11)
  Nergalle (D:10)
  2 manticores (D:11)
  A black mamba (Lair:2)
  2 gargoyles
  Maggie (D:8)
  Joseph (D:8)
  A torpor snail (Lair:1)
  An unseen horror (D:11)
  A rime drake (Lair:1)
  2 komodo dragons (Lair:1)
  A cane toad (Lair:1)
  The ghost of qw the Chopper, a novice TeWr (D:5)
  2 polar bears (Lair:1)
  3 trolls
  Grinder (D:4)
  4 blink frogs (Lair:2)
  2 dream sheep (Lair:1)
  Sigmund (D:6)
  3 shadows
  2 wyverns
  18 yaks
  A vampire (D:9)
  A basilisk (Lair:1)
  2 steam dragons
  2 vampire mosquitoes (D:11)
  Menkaure (D:5)
  An acid dragon (D:9)
  3 wargs (D:11)
  7 water moccasins
  Pargi (D:4)
  A black bear (D:8)
  An orc warrior (D:9)
  A sky beast (D:7)
  3 ogres
  5 centaurs
  3 wolves (Lair:2)
  4 phantoms
  3 kobold brigands
  5 bullfrogs
  2 scorpions
  A necrophage (D:8)
  2 wyvern zombies (D:5)
  2 troll zombies (D:11)
  9 wights
  22 killer bees
  4 howler monkeys
  2 electric eels (D:6)
  A bullfrog zombie (D:5)
  3 jellies
  A gnoll bouda (D:6)
  A bullfrog skeleton (D:5)
  4 hounds
  6 orc priests
  2 iguanas
  Ijyb (D:4)
  Natasha (thrice) (D:4)
  16 orc wizards
  4 ogre zombies (D:11)
  23 gnolls
  15 adders
  5 river rats
  A shadow imp (D:5)
  4 worms
  A dart slug (D:9)
  38 orcs
  5 endoplasms
  11 giant cockroaches
  5 goblins
  5 hobgoblins
  9 jackals
  5 quokkas
  15 ball pythons
  9 bats
  3 frilled lizards
  A goblin zombie (D:11)
  22 kobolds
  5 orc skeletons (D:11)
  13 orc zombies (D:11)
  6 rats
384 creatures vanquished.

Vanquished Creatures (others)
  5 fungi
  11 plants
16 creatures vanquished.

Grand Total: 400 creatures vanquished

Notes
Turn   | Place    | Note
-------+----------+-------------------------------------------
     0 | D:1      | qw the Troll Cinder Acolyte began the quest for the Orb.
     0 | D:1      | Reached XP level 1. HP: 22/22 MP: 1/1
     0 | D:1      | 0 ||| qw: Version: 0.1-a-97-g2dd2ca4
     0 | D:1      | 0 ||| qw: Game counter: 4649
     0 | D:1      | 0 ||| qw: Always use a shield: true
     0 | D:1      | 0 ||| qw: God list: Okawaru
     0 | D:1      | 0 ||| qw: Allow faded altars: false
     0 | D:1      | 0 ||| qw: Do Orc after D:15 true
     0 | D:1      | 0 ||| qw: Do second Lair branch before Depths: true
     0 | D:1      | 0 ||| qw: Lair rune preference: random
     0 | D:1      | 0 ||| qw: Plans: Normal
     0 | D:1      | 0 ||| PLANNING D:1-11
    83 | D:1      | 83 ||| Stepping ~*~*~tactically~*~*~ (stealth).
    84 | D:1      | 84 ||| Stepping ~*~*~tactically~*~*~ (stealth).
    85 | D:1      | 85 ||| Stepping ~*~*~tactically~*~*~ (stealth).
   107 | D:1      | Reached XP level 2. HP: 29/29 MP: 2/2
   129 | D:1      | You fall into a shaft and drop 1 floor!
   137 | D:2      | 137 ||| READING scroll labelled QENUBB ODWILU JUA.
   137 | D:2      | Identified a scroll of acquirement
   137 | D:2      | 137 ||| ACQUIRING 1184 gold pieces
   137 | D:2      | Acquired 1184 gold pieces
   139 | D:2      | 139 ||| READING scroll labelled GECECO YLECK.
   140 | D:2      | 140 ||| READING scroll labelled OSMIPS SANGI.
   141 | D:2      | 141 ||| DRINKING 2 fuming blue potions.
   163 | D:1      | 163 ||| Stepping ~*~*~tactically~*~*~ (outnumbered).
   164 | D:1      | 164 ||| Stepping ~*~*~tactically~*~*~ (outnumbered).
   166 | D:1      | 166 ||| Stepping ~*~*~tactically~*~*~ (outnumbered).
   167 | D:1      | 167 ||| Stepping ~*~*~tactically~*~*~ (outnumbered).
   169 | D:1      | 169 ||| Stepping ~*~*~tactically~*~*~ (outnumbered).
   417 | D:1      | 417 ||| Stepping ~*~*~tactically~*~*~ (stealth).
   500 | D:1      | 500 ||| READING scroll labelled XOMIL IGIMNOLA.
   501 | D:1      | 501 ||| READING scroll labelled TOOT MANILAS.
   502 | D:1      | 502 ||| READING scroll labelled CAELOKK WEOMUO.
   538 | D:2      | 538 ||| Stepping randomly (stuck).
   546 | D:2      | 546 ||| Stepping ~*~*~tactically~*~*~ (outnumbered).
   554 | D:2      | Reached XP level 3. HP: 35/36 MP: 3/3
   569 | D:2      | 569 ||| Stepping randomly (stuck).
   650 | D:2      | Found a faded altar of an unknown god.
   723 | D:2      | 723 ||| Stepping ~*~*~tactically~*~*~ (stealth).
   979 | D:2      | 979 ||| READING 2 scrolls of identify.
   979 | D:2      | 979 ||| IDENTIFYING clear potion
  1106 | D:3      | 1106 ||| READING scroll of acquirement.
  1106 | D:3      | 1106 ||| ACQUIRING +0 tower shield of protection
  1106 | D:3      | Acquired a +0 tower shield of protection
  1108 | D:3      | 1108 ||| UPGRADING to +0 tower shield of protection.
  1129 | D:3      | 1129 ||| Stepping ~*~*~tactically~*~*~ (stealth).
  1166 | D:3      | Reached XP level 4. HP: 43/44 MP: 4/4
  1203 | D:3      | Reached skill level 1 in Shields
  1273 | D:3      | Found a runed translucent gate.
  1273 | D:3      | Noticed qw's ghost (amateur TeWr)
  1274 | D:3      | Found a runed translucent gate.
  1278 | D:3      | Identified the +0 leather armour of the Centipede {Str+4
                  | SInv}
  1281 | D:3      | 1281 ||| Stepping ~*~*~tactically~*~*~ (outnumbered).
  1282 | D:3      | 1282 ||| Stepping ~*~*~tactically~*~*~ (outnumbered).
  1292 | D:3      | Reached XP level 5. HP: 48/50 MP: 5/5
  1296 | D:3      | Found a runed translucent gate.
  1362 | D:3      | 1362 ||| Stepping ~*~*~tactically~*~*~ (stealth).
  1396 | D:3      | 1396 ||| INVOKING Fiery Armour.
  1407 | D:3      | Reached skill level 3 in Shields
  1683 | D:3      | 1683 ||| READING scroll labelled NAOFEI JANWO.
  1763 | D:3      | 1763 ||| READING scroll labelled ICHIQO JAFAFO.
  1764 | D:3      | 1764 ||| DRINKING 2 blue potions.
  1865 | D:3      | 1865 ||| DRINKING 3 orange potions.
  1866 | D:3      | 1866 ||| READING 4 scrolls of identify.
  1866 | D:3      | 1866 ||| IDENTIFYING fizzy sapphire potion
  1867 | D:3      | 1867 ||| READING 3 scrolls of identify.
  1867 | D:3      | 1867 ||| IDENTIFYING fuming brown potion
  1868 | D:3      | 1868 ||| READING 2 scrolls of identify.
  1868 | D:3      | 1868 ||| IDENTIFYING lumpy puce potion
  1869 | D:3      | 1869 ||| DROPPING potion of ambrosia.
  1870 | D:3      | 1870 ||| DROPPING 2 potions of flight.
  1871 | D:3      | 1871 ||| DROPPING potion of attraction.
  1887 | D:4      | 1887 ||| Stepping ~*~*~tactically~*~*~ (outnumbered).
  1891 | D:4      | 1891 ||| INVOKING Fiery Armour.
  1893 | D:4      | 1893 ||| Stepping ~*~*~tactically~*~*~ (outnumbered).
  1904 | D:4      | Reached XP level 6. HP: 57/59 MP: 6/6
  2071 | D:4      | 2071 ||| Stepping ~*~*~tactically~*~*~ (hiding).
  2074 | D:4      | 2074 ||| INVOKING Fiery Armour.
  2082 | D:4      | 2082 ||| Stepping ~*~*~tactically~*~*~ (outnumbered).
  2085 | D:4      | 2085 ||| DRINKING potion of curing.
  2085 | D:4      | 2085 ||| (to cure confusion)
  2135 | D:4      | Noticed Grinder
  2145 | D:4      | Killed Grinder
  2146 | D:4      | Reached skill level 6 in Shields
  2146 | D:4      | Reached XP level 7. HP: 58/66 MP: 7/7
  2198 | D:4      | Noticed Natasha
  2199 | D:4      | 2199 ||| Stepping ~*~*~tactically~*~*~ (hiding).
  2200 | D:4      | Noticed Ijyb
  2201 | D:4      | 2201 ||| INVOKING Fiery Armour.
  2203 | D:4      | Killed Natasha
  2212 | D:4      | Killed Ijyb
  2313 | D:4      | Noticed Natasha
  2319 | D:4      | Killed Natasha
  2411 | D:4      | Noticed Pargi
  2428 | D:4      | Killed Pargi
  2516 | D:4      | 2516 ||| UPGRADING to +0 troll leather armour {Pargi}.
  2526 | D:4      | 2526 ||| DROPPING +0 robe.
  2527 | D:4      | 2527 ||| READING scroll labelled RYFFORGH RULAUPS.
  2528 | D:4      | 2528 ||| READING 2 scrolls of identify.
  2528 | D:4      | 2528 ||| IDENTIFYING dark potion
  2529 | D:4      | 2529 ||| DROPPING potion of brilliance.
  2530 | D:4      | 2530 ||| Stepping randomly (stuck).
  2531 | D:4      | 2531 ||| Stepping ~*~*~tactically~*~*~ (cloud).
  2574 | D:5      | Entered Level 5 of the Dungeon
  2575 | D:5      | 2575 ||| PLANNING SEWER
  2638 | D:5      | Noticed Menkaure
  2639 | D:5      | 2639 ||| Stepping ~*~*~tactically~*~*~ (hiding).
  2642 | D:5      | 2642 ||| Stepping ~*~*~tactically~*~*~ (hiding).
  2644 | D:5      | 2644 ||| Stepping ~*~*~tactically~*~*~ (hiding).
  2649 | D:5      | Killed Menkaure
  2834 | D:5      | 2834 ||| Stepping ~*~*~tactically~*~*~ (hiding).
  2840 | D:5      | Reached XP level 8. HP: 74/74 MP: 8/8
  2843 | D:5      | 2843 ||| Stepping ~*~*~tactically~*~*~ (outnumbered).
  2908 | D:5      | Found a glowing drain.
  2909 | D:5      | 2909 ||| READING scroll labelled KEKO WU KAX.
  2910 | D:5      | 2910 ||| DRINKING 2 amethyst potions.
  2914 | Sewer    | Entered a sewer
  3099 | Sewer    | 3099 ||| INVOKING Fiery Armour.
  3179 | Sewer    | 3179 ||| Stepping ~*~*~tactically~*~*~ (outnumbered).
  3180 | Sewer    | 3180 ||| Stepping ~*~*~tactically~*~*~ (outnumbered).
  3181 | Sewer    | 3181 ||| Stepping ~*~*~tactically~*~*~ (outnumbered).
  3457 | Sewer    | 3457 ||| READING scroll labelled MIOLUA YRIA.
  3458 | Sewer    | 3458 ||| READING scroll labelled ANY VEZICI.
  3459 | Sewer    | 3459 ||| READING scroll labelled BUSUEKAOMP.
  3482 | D:5      | 3482 ||| PLANNING D:1-11
  3609 | D:5      | 3609 ||| Stepping ~*~*~tactically~*~*~ (stealth).
  3612 | D:5      | 3612 ||| Stepping ~*~*~tactically~*~*~ (stealth).
  3680 | D:5      | Found a runed translucent gate.
  3680 | D:5      | Found a runed translucent gate.
  3681 | D:5      | Found a runed translucent gate.
  3684 | D:5      | Noticed qw's ghost (novice TeWr)
  3907 | D:5      | Found a staircase to the Ecumenical Temple.
  3936 | D:5      | Reached skill level 6 in Unarmed Combat
  4067 | D:5      | Found Oluin's Neck Hole.
  4083 | D:5      | 4083 ||| BUYING +0 cloak (58 gold).
  4083 | D:5      | Bought a +0 cloak for 58 gold pieces
  4083 | D:5      | 4083 ||| BUYING amulet "Bugei" {Acrobat Regen+ rCorr Str+3}
                  | (635 gold).
  4083 | D:5      | Bought the amulet "Bugei" {Acrobat Regen+ rCorr Str+3} for
                  | 635 gold pieces
  4285 | D:5      | 4285 ||| Stepping ~*~*~tactically~*~*~ (hiding).
  4443 | D:5      | 4443 ||| UPGRADING to +0 cloak.
  4448 | D:5      | 4448 ||| READING scroll of enchant armour.
  4448 | D:5      | 4448 ||| ENCHANTING +0 cloak.
  4449 | D:5      | 4449 ||| UPGRADING to amulet "Bugei" {Acrobat Regen+ rCorr
                  | Str+3}.
  4454 | D:5      | 4454 ||| READING scroll labelled BITHREIG URINUT.
  4602 | D:5      | 4602 ||| Stepping randomly (stuck).
  4604 | D:5      | 4604 ||| INVOKING Fiery Armour.
  4605 | D:5      | 4605 ||| Stepping ~*~*~tactically~*~*~ (outnumbered).
  4607 | D:5      | 4607 ||| Stepping ~*~*~tactically~*~*~ (outnumbered).
  4608 | D:5      | 4608 ||| Stepping ~*~*~tactically~*~*~ (outnumbered).
  4610 | D:5      | 4610 ||| Stepping ~*~*~tactically~*~*~ (outnumbered).
  4611 | D:5      | 4611 ||| Stepping ~*~*~tactically~*~*~ (outnumbered).
  4620 | D:5      | Killed qw's ghost
  4621 | D:5      | Reached skill level 9 in Shields
  4716 | D:4      | Noticed Natasha
  4717 | D:4      | 4717 ||| Stepping ~*~*~tactically~*~*~ (hiding).
  4722 | D:4      | Killed Natasha
  4859 | D:5      | 4859 ||| Stepping randomly (stuck).
  4861 | D:5      | 4861 ||| Stepping randomly (stuck).
  4863 | D:5      | 4863 ||| Stepping randomly (stuck).
  4864 | D:5      | 4864 ||| Stepping randomly (stuck).
  4865 | D:5      | 4865 ||| Stepping randomly (stuck).
  4866 | D:5      | 4866 ||| Stepping randomly (stuck).
  4920 | D:6      | 4920 ||| INVOKING Fiery Armour.
  4925 | D:6      | Reached XP level 9. HP: 67/80 MP: 9/9
  4926 | D:6      | 4926 ||| Stepping ~*~*~tactically~*~*~ (outnumbered).
  4939 | D:6      | Noticed Sigmund
  4944 | D:6      | 4944 ||| Stepping ~*~*~tactically~*~*~ (outnumbered).
  4947 | D:6      | 4947 ||| Stepping ~*~*~tactically~*~*~ (outnumbered).
  4948 | D:6      | 4948 ||| Stepping ~*~*~tactically~*~*~ (outnumbered).
  4949 | D:6      | 4949 ||| Stepping ~*~*~tactically~*~*~ (outnumbered).
  4950 | D:6      | 4950 ||| Stepping ~*~*~tactically~*~*~ (outnumbered).
  4958 | D:6      | 4958 ||| Stepping ~*~*~tactically~*~*~ (outnumbered).
  4968 | D:6      | 4968 ||| Stepping ~*~*~tactically~*~*~ (outnumbered).
  4970 | D:6      | 4970 ||| DRINKING potion of curing.
  4970 | D:6      | 4970 ||| (to cure confusion)
  4981 | D:6      | Killed Sigmund
  5071 | D:6      | 5071 ||| Stepping ~*~*~tactically~*~*~ (stealth).
  5072 | D:6      | 5072 ||| Stepping ~*~*~tactically~*~*~ (stealth).
  5077 | D:6      | 5077 ||| Stepping ~*~*~tactically~*~*~ (outnumbered).
  5078 | D:6      | 5078 ||| Stepping ~*~*~tactically~*~*~ (outnumbered).
  5079 | D:6      | 5079 ||| INVOKING Fiery Armour.
  5080 | D:6      | 5080 ||| Stepping ~*~*~tactically~*~*~ (outnumbered).
  5082 | D:6      | 5082 ||| Stepping ~*~*~tactically~*~*~ (outnumbered).
  5083 | D:6      | 5083 ||| Stepping ~*~*~tactically~*~*~ (outnumbered).
  5084 | D:6      | 5084 ||| Stepping ~*~*~tactically~*~*~ (stealth).
  5086 | D:6      | 5086 ||| Stepping ~*~*~tactically~*~*~ (stealth).
  5087 | D:6      | 5087 ||| Stepping ~*~*~tactically~*~*~ (outnumbered).
  5089 | D:6      | 5089 ||| Stepping ~*~*~tactically~*~*~ (outnumbered).
  5092 | D:6      | 5092 ||| Stepping ~*~*~tactically~*~*~ (outnumbered).
  5099 | D:6      | 5099 ||| Stepping ~*~*~tactically~*~*~ (outnumbered).
  5100 | D:6      | 5100 ||| Stepping ~*~*~tactically~*~*~ (outnumbered).
  5102 | D:6      | 5102 ||| Stepping ~*~*~tactically~*~*~ (outnumbered).
  5104 | D:6      | 5104 ||| Stepping ~*~*~tactically~*~*~ (outnumbered).
  5106 | D:6      | 5106 ||| Stepping ~*~*~tactically~*~*~ (outnumbered).
  5107 | D:6      | 5107 ||| Stepping ~*~*~tactically~*~*~ (outnumbered).
  5113 | D:6      | 5113 ||| Stepping ~*~*~tactically~*~*~ (outnumbered).
  5115 | D:6      | 5115 ||| Stepping ~*~*~tactically~*~*~ (outnumbered).
  5377 | D:6      | 5377 ||| READING scroll of enchant armour.
  5377 | D:6      | 5377 ||| ENCHANTING +1 cloak.
  5705 | D:6      | 5705 ||| READING 5 scrolls of identify.
  5705 | D:6      | 5705 ||| IDENTIFYING glowing puce potion
  5706 | D:6      | 5706 ||| READING 4 scrolls of identify.
  5706 | D:6      | 5706 ||| IDENTIFYING smoky cyan potion
  5707 | D:6      | 5707 ||| READING 3 scrolls of identify.
  5707 | D:6      | 5707 ||| IDENTIFYING metallic green potion
  5708 | D:6      | 5708 ||| DROPPING potion of invisibility.
  5709 | D:6      | 5709 ||| DROPPING potion of berserk rage.
  5710 | D:6      | 5710 ||| DROPPING potion of lignification.
  5757 | D:5      | 5757 ||| Stepping randomly (stuck).
  5786 | D:7      | 5786 ||| Stepping ~*~*~tactically~*~*~ (stealth).
  5803 | D:7      | Reached skill level 3 in Fighting
  5840 | D:7      | 5840 ||| Stepping ~*~*~tactically~*~*~ (stealth).
  5874 | D:7      | 5874 ||| Stepping ~*~*~tactically~*~*~ (hiding).
  5875 | D:7      | 5875 ||| Stepping ~*~*~tactically~*~*~ (hiding).
  5876 | D:7      | 5876 ||| Stepping ~*~*~tactically~*~*~ (hiding).
  5877 | D:7      | 5877 ||| Stepping ~*~*~tactically~*~*~ (hiding).
  6061 | D:7      | 6061 ||| Stepping ~*~*~tactically~*~*~ (stealth).
  6098 | D:7      | Reached skill level 9 in Unarmed Combat
  6133 | D:7      | Reached skill level 1 in Throwing
  6181 | D:7      | Found a flagged portal.
  6362 | D:7      | Reached skill level 1 in Armour
  6422 | D:7      | 6422 ||| Stepping ~*~*~tactically~*~*~ (stealth).
  6550 | D:7      | 6550 ||| DROPPING ring of ice.
  6551 | D:7      | 6551 ||| UPGRADING to +6 ring of strength.
  6601 | D:8      | 6601 ||| Stepping ~*~*~tactically~*~*~ (stealth).
  6604 | D:8      | 6604 ||| Stepping ~*~*~tactically~*~*~ (outnumbered).
  6679 | D:8      | Reached XP level 10. HP: 91/91 MP: 10/10
  6784 | D:8      | 6784 ||| Stepping ~*~*~tactically~*~*~ (stealth).
  6793 | D:8      | 6793 ||| Stepping ~*~*~tactically~*~*~ (stealth).
  6803 | D:8      | 6803 ||| Stepping ~*~*~tactically~*~*~ (outnumbered).
  6804 | D:8      | 6804 ||| Stepping ~*~*~tactically~*~*~ (outnumbered).
  6805 | D:8      | 6805 ||| Stepping ~*~*~tactically~*~*~ (outnumbered).
  6807 | D:8      | 6807 ||| Stepping ~*~*~tactically~*~*~ (outnumbered).
  6851 | D:8      | 6851 ||| Stepping ~*~*~tactically~*~*~ (stealth).
  6898 | D:8      | Noticed Maggie
  6911 | D:8      | Killed Maggie
  6941 | D:8      | 6941 ||| INVOKING Fiery Armour.
  7006 | D:8      | 7006 ||| Stepping ~*~*~tactically~*~*~ (outnumbered).
  7007 | D:8      | 7007 ||| Stepping ~*~*~tactically~*~*~ (outnumbered).
  7009 | D:8      | 7009 ||| Stepping ~*~*~tactically~*~*~ (outnumbered).
  7011 | D:8      | 7011 ||| Stepping ~*~*~tactically~*~*~ (outnumbered).
  7012 | D:8      | 7012 ||| Stepping ~*~*~tactically~*~*~ (outnumbered).
  7014 | D:8      | 7014 ||| Stepping ~*~*~tactically~*~*~ (outnumbered).
  7059 | D:8      | Noticed Joseph
  7060 | D:8      | 7060 ||| Stepping ~*~*~tactically~*~*~ (hiding).
  7076 | D:8      | Killed Joseph
  7086 | D:8      | Found Samniag's Weapon Shop.
  7620 | D:9      | 7620 ||| Stepping ~*~*~tactically~*~*~ (stealth).
  7621 | D:9      | 7621 ||| Stepping ~*~*~tactically~*~*~ (hiding).
  7628 | D:9      | 7628 ||| INVOKING Fiery Armour.
  7629 | D:9      | 7629 ||| Stepping ~*~*~tactically~*~*~ (outnumbered).
  7630 | D:9      | 7630 ||| Stepping ~*~*~tactically~*~*~ (outnumbered).
  7631 | D:9      | 7631 ||| Stepping ~*~*~tactically~*~*~ (outnumbered).
  7632 | D:9      | 7632 ||| Stepping ~*~*~tactically~*~*~ (outnumbered).
  7633 | D:9      | 7633 ||| Stepping ~*~*~tactically~*~*~ (outnumbered).
  7634 | D:9      | 7634 ||| Stepping ~*~*~tactically~*~*~ (outnumbered).
  7635 | D:9      | 7635 ||| Stepping ~*~*~tactically~*~*~ (outnumbered).
  7636 | D:9      | 7636 ||| Stepping ~*~*~tactically~*~*~ (outnumbered).
  7638 | D:9      | 7638 ||| Stepping ~*~*~tactically~*~*~ (outnumbered).
  7639 | D:9      | 7639 ||| Stepping ~*~*~tactically~*~*~ (outnumbered).
  7640 | D:9      | 7640 ||| Stepping ~*~*~tactically~*~*~ (outnumbered).
  7642 | D:9      | 7642 ||| Stepping ~*~*~tactically~*~*~ (outnumbered).
  7643 | D:9      | 7643 ||| Stepping ~*~*~tactically~*~*~ (outnumbered).
  7644 | D:9      | 7644 ||| Stepping ~*~*~tactically~*~*~ (outnumbered).
  7645 | D:9      | 7645 ||| Stepping ~*~*~tactically~*~*~ (outnumbered).
  7646 | D:9      | 7646 ||| Stepping ~*~*~tactically~*~*~ (outnumbered).
  7647 | D:9      | 7647 ||| Stepping ~*~*~tactically~*~*~ (outnumbered).
  7650 | D:9      | 7650 ||| Stepping ~*~*~tactically~*~*~ (outnumbered).
  7663 | D:9      | Reached skill level 1 in Dodging
  7709 | D:9      | Found a snail-covered altar of Cheibriados.
  7732 | D:9      | 7732 ||| Stepping ~*~*~tactically~*~*~ (hiding).
  7739 | D:9      | 7739 ||| Stepping ~*~*~tactically~*~*~ (stealth).
  7881 | D:9      | 7881 ||| Stepping ~*~*~tactically~*~*~ (hiding).
  7882 | D:9      | 7882 ||| Stepping ~*~*~tactically~*~*~ (hiding).
  8192 | D:10     | Entered Level 10 of the Dungeon
  8202 | D:10     | 8202 ||| Stepping ~*~*~tactically~*~*~ (hiding).
  8341 | D:10     | 8341 ||| Stepping ~*~*~tactically~*~*~ (hiding).
  8519 | D:10     | 8519 ||| INVOKING Fiery Armour.
  8521 | D:10     | 8521 ||| Stepping ~*~*~tactically~*~*~ (outnumbered).
  8528 | D:10     | Noticed Nergalle
  8532 | D:10     | Noticed a spectral orc warlord
  8545 | D:10     | HP: 15/83 [spectral orc warlord/+0 great sword[Nergalle]
                  | (20)]
  8546 | D:10     | 8546 ||| READING 2 scrolls of teleportation.
  8547 | D:10     | 8547 ||| DRINKING 4 potions of heal wounds.
  8547 | D:10     | HP: 3/79 [spectral orc warrior/+0 glaive[Nergalle] (7)]
  8548 | D:10     | 8548 ||| DRINKING 3 potions of heal wounds.
  8556 | D:10     | Reached skill level 12 in Shields
  8556 | D:10     | 8556 ||| Stepping ~*~*~tactically~*~*~ (outnumbered).
  8557 | D:10     | 8557 ||| Stepping ~*~*~tactically~*~*~ (outnumbered).
  8558 | D:10     | 8558 ||| Stepping ~*~*~tactically~*~*~ (outnumbered).
  8559 | D:10     | 8559 ||| Stepping ~*~*~tactically~*~*~ (outnumbered).
  8570 | D:10     | Killed Nergalle
  8571 | D:10     | Reached XP level 11. HP: 37/91 MP: 11/11
  8586 | D:10     | 8586 ||| Stepping ~*~*~tactically~*~*~ (stealth).
  8593 | D:10     | 8593 ||| Stepping ~*~*~tactically~*~*~ (hiding).
  8594 | D:10     | 8594 ||| Stepping ~*~*~tactically~*~*~ (hiding).
  9019 | D:10     | Found Efeul's Superior Scales.
  9146 | D:11     | 9146 ||| Stepping ~*~*~tactically~*~*~ (stealth).
  9170 | D:11     | 9170 ||| Stepping ~*~*~tactically~*~*~ (stealth).
  9180 | D:11     | 9180 ||| Stepping ~*~*~tactically~*~*~ (stealth).
  9192 | D:11     | 9192 ||| Stepping ~*~*~tactically~*~*~ (outnumbered).
  9215 | D:11     | Found a staircase to the Orcish Mines.
  9216 | D:11     | 9216 ||| Stepping ~*~*~tactically~*~*~ (hiding).
  9221 | D:11     | 9221 ||| INVOKING Fiery Armour.
  9222 | D:11     | 9222 ||| Stepping ~*~*~tactically~*~*~ (outnumbered).
  9223 | D:11     | 9223 ||| Stepping ~*~*~tactically~*~*~ (outnumbered).
  9224 | D:11     | 9224 ||| Stepping ~*~*~tactically~*~*~ (outnumbered).
  9277 | D:11     | 9277 ||| Stepping ~*~*~tactically~*~*~ (stealth).
  9279 | D:11     | 9279 ||| Stepping ~*~*~tactically~*~*~ (stealth).
  9281 | D:11     | Noticed a four-headed hydra
  9287 | D:11     | 9287 ||| Stepping ~*~*~tactically~*~*~ (outnumbered).
  9292 | D:11     | Killed a six-headed hydra
  9318 | D:11     | 9318 ||| Stepping ~*~*~tactically~*~*~ (stealth).
  9320 | D:11     | 9320 ||| Stepping ~*~*~tactically~*~*~ (hiding).
  9367 | D:11     | Reached skill level 12 in Unarmed Combat
  9416 | D:11     | 9416 ||| Stepping ~*~*~tactically~*~*~ (stealth).
  9420 | D:11     | 9420 ||| Stepping ~*~*~tactically~*~*~ (outnumbered).
  9550 | D:11     | 9550 ||| Stepping ~*~*~tactically~*~*~ (hiding).
  9550 | D:11     | Found a staircase to the Lair.
  9551 | D:11     | 9551 ||| Stepping ~*~*~tactically~*~*~ (hiding).
  9552 | D:11     | 9552 ||| Stepping ~*~*~tactically~*~*~ (hiding).
  9553 | D:11     | 9553 ||| Stepping ~*~*~tactically~*~*~ (hiding).
  9554 | D:11     | 9554 ||| Stepping ~*~*~tactically~*~*~ (hiding).
  9560 | D:11     | 9560 ||| INVOKING Fiery Armour.
  9592 | D:11     | 9592 ||| Stepping ~*~*~tactically~*~*~ (stealth).
  9593 | D:11     | 9593 ||| Stepping ~*~*~tactically~*~*~ (stealth).
  9594 | D:11     | 9594 ||| Stepping ~*~*~tactically~*~*~ (stealth).
  9595 | D:11     | 9595 ||| Stepping ~*~*~tactically~*~*~ (stealth).
  9603 | D:11     | 9603 ||| Stepping ~*~*~tactically~*~*~ (stealth).
  9605 | D:11     | 9605 ||| Stepping ~*~*~tactically~*~*~ (hiding).
  9692 | D:11     | 9692 ||| Stepping ~*~*~tactically~*~*~ (stealth).
  9785 | D:11     | 9785 ||| Stepping ~*~*~tactically~*~*~ (stealth).
  9792 | D:11     | Found a transporter.
  9793 | D:11     | Found a transporter.
  9796 | D:11     | Noticed an orc warlord
  9798 | D:11     | Noticed an orc sorcerer
  9799 | D:11     | Noticed an ogre mage
  9972 | D:11     | 9972 ||| PLANNING LAIR
  9972 | D:11     | 9972 ||| READING 7 scrolls of identify.
  9972 | D:11     | 9972 ||| IDENTIFYING glowing red potion
  9973 | D:11     | 9973 ||| DRINKING potion of experience.
  9973 | D:11     | Reached XP level 12. HP: 120/120 MP: 12/12
  9986 | Lair:1   | Entered Level 1 of the Lair of Beasts
 10107 | Lair:1   | 10107 ||| Stepping ~*~*~tactically~*~*~ (hiding).
 10334 | Lair:1   | Reached XP level 13. HP: 81/127 MP: 13/13
 10361 | Lair:1   | 10361 ||| Stepping ~*~*~tactically~*~*~ (outnumbered).
 10362 | Lair:1   | 10362 ||| Stepping ~*~*~tactically~*~*~ (outnumbered).
 10363 | Lair:1   | 10363 ||| Stepping ~*~*~tactically~*~*~ (outnumbered).
 10377 | Lair:1   | 10377 ||| Stepping ~*~*~tactically~*~*~ (outnumbered).
 10378 | Lair:1   | 10378 ||| Stepping ~*~*~tactically~*~*~ (outnumbered).
 10379 | Lair:1   | 10379 ||| Stepping ~*~*~tactically~*~*~ (outnumbered).
 10380 | Lair:1   | 10380 ||| Stepping ~*~*~tactically~*~*~ (outnumbered).
 10381 | Lair:1   | 10381 ||| Stepping ~*~*~tactically~*~*~ (outnumbered).
 10382 | Lair:1   | 10382 ||| Stepping ~*~*~tactically~*~*~ (outnumbered).
 10383 | Lair:1   | 10383 ||| Stepping ~*~*~tactically~*~*~ (outnumbered).
 10387 | Lair:1   | 10387 ||| Stepping ~*~*~tactically~*~*~ (stealth).
 10392 | Lair:1   | 10392 ||| Stepping ~*~*~tactically~*~*~ (outnumbered).
 10393 | Lair:1   | 10393 ||| Stepping ~*~*~tactically~*~*~ (outnumbered).
 10394 | Lair:1   | 10394 ||| Stepping ~*~*~tactically~*~*~ (outnumbered).
 10395 | Lair:1   | 10395 ||| Stepping ~*~*~tactically~*~*~ (outnumbered).
 10396 | Lair:1   | 10396 ||| Stepping ~*~*~tactically~*~*~ (outnumbered).
 10777 | Lair:1   | 10777 ||| READING scroll labelled YJYPEJ SOLOK.
 10945 | Lair:2   | HP: 30/127 [11-headed hydra (10)]
 10946 | Lair:2   | 10946 ||| READING 3 scrolls of teleportation.
 10946 | Lair:2   | HP: 12/127 [11-headed hydra (7)]
 10947 | Lair:2   | 10947 ||| DRINKING 3 potions of heal wounds.
 10948 | Lair:2   | 10948 ||| DRINKING 2 potions of heal wounds.
 10949 | Lair:2   | 10949 ||| DRINKING potion of heal wounds.
 10949 | Lair:2   | HP: 3/127 [11-headed hydra (9)]
 10951 | Lair:2   | 10951 ||| READING 2 scrolls of teleportation.
 10956 | Lair:2   | 10956 ||| READING scroll of teleportation.
 11035 | Lair:2   | 11035 ||| Stepping ~*~*~tactically~*~*~ (stealth).
 11108 | Lair:2   | HP: 24/127 [15-headed hydra (9)]
 11108 | Lair:2   | Slain by a 15-headed hydra

Levels and vault maps discovered:
D:1:      minmay_arrival_three_doors, layout_basic, minmay_pentomino_w2
D:2:      layout_basic, ebering_ecumenical_altar_petrified,
          minmay_misc_feat_diagonals
D:3:      layout_basic, biasface_ghost_orc_armoury
D:4:      layout_loops_ring, uniq_natasha, uniq_grinder, uniq_ijyb, uniq_pargi
D:5:      layout_basic, minmay_temple_entry_from_below_a,
          gammafunk_ghost_necromancy, gup_sewer_entry_spiral, minivault_11,
          minmay_liquid_box, nicolae_shop_sticking_my_neck_out, uniq_menkaure
D:6:      layout_basic, interstate_on_off, moated_statue, serial_bayou_pond_b,
          kennysheep_small_spiral, kennysheep_donut, uniq_sigmund
D:7:      nicolae_cairo_tiling_very_big, layout_basic, enter_bailey_6
D:8:      layout_basic, serial_shops, shop, uniq_joseph, uniq_maggie
D:9:      layout_rooms, kennysheep_slug_shrine, st_stairs_4, minivault_23
D:10:     layout_loops_ring, minivault_26, hellmonk_scale_shop, uniq_nergalle
D:11:     gammafunk_beogh_shrine, layout_basic, erik_lair_orcish_takeover,
          zombieorc1_lemuel
Lair:1:   layout_gridlike
Lair:2:   layout_chaotic_city, st_stairs_9

Skill      XL: |  1  2  3  4  5  6  7  8  9 10 11 12 13 |
---------------+----------------------------------------+-----
Unarmed Combat | 4 5 6 9 10 12 13 | 13.0
Shields        | 2 4 6 7 9 10 12 13 | 13.7
Fighting       | 3 4 8 |  8.3
Throwing       | 1 |  1.2
Armour         | 1 |  1.3
Dodging        | 1 |  1.1
Spellcasting   | |  1.0
Fire Magic     | |  2.1

Action                   |  1- 3 |  4- 6 |  7- 9 | 10-12 | 13-15 || total
-------------------------+-------+-------+-------+-------+-------++-------
Melee: Unarmed           |    96 |    99 |   478 |   439 |    68 ||  1180
       Punch             |     1 |       |       |       |       ||     1
Throw: Boomerang         |    37 |    34 |    45 |    59 |    13 ||   188
Invok: Fiery Armour      |       |     3 |     5 |     5 |       ||    13
  Use: Scroll            |     8 |     5 |    12 |     2 |     4 ||    31
       Potion            |     1 |     3 |     2 |     3 |     3 ||    12
Armor: Robe              |    43 |    42 |    21 |       |       ||   106
       Troll leather arm |       |       |   136 |   222 |    48 ||   406
Dodge: Dodged            |    25 |    17 |    84 |   164 |    39 ||   329
Block: Tower shield      |     8 |    47 |   296 |   399 |    81 ||   831

Table legend:
 A = Non-vault XP
 B = Vault XP
 C = Vault XP percentage of total XP
 D = Non-vault monster count
 E = Vault monster count
 F = Vault count percentage of total count
                 A         B        C        D         E       F
            +---------+---------+-------+---------+---------+-------
      Total |   22060 |    5017 |  18.5 |     279 |     105 |  27.3
            +---------+---------+-------+---------+---------+-------
        D:1 |      27 |       2 |   6.9 |      16 |       2 |  11.1
        D:2 |      54 |       0 |   0.0 |      11 |       0 |   0.0
        D:3 |     200 |       0 |   0.0 |      26 |       0 |   0.0
        D:4 |     494 |     485 |  49.5 |      32 |       4 |  11.1
        D:5 |     521 |     773 |  59.7 |      28 |      13 |  31.7
        D:6 |    1052 |     417 |  28.4 |      26 |       6 |  18.8
        D:7 |    1171 |       0 |   0.0 |      19 |       0 |   0.0
        D:8 |    1182 |     812 |  40.7 |      29 |       2 |   6.5
        D:9 |    2326 |     104 |   4.3 |      19 |       2 |   9.5
       D:10 |    3472 |     956 |  21.6 |      27 |       2 |   6.9
       D:11 |    4729 |    1281 |  21.3 |      17 |      36 |  67.9
     Lair:1 |    4723 |       0 |   0.0 |      19 |       0 |   0.0
     Lair:2 |    2109 |       0 |   0.0 |      10 |       0 |   0.0
      Sewer |       0 |     187 | 100.0 |       0 |      38 | 100.0
            +---------+---------+-------+---------+---------+-------
